[Event "Klubbmästerskap 2025 Torsdagar"]
[Site "Linköping, Sweden"]
[Date "2025.04.10"]
[Round "9.2"]
[White "Pettersson, Börje"]
[Black "Löfgren, Vide"]
[Result "1-0"]
[TimeControl "90 min + 30 sec/move"]
[WhiteElo "1906"]
[BlackElo "1928"]

1. e4 d6 2. d4 g6 3. Nc3 Bg7 4. f4 a6 5. Nf3 b5 6. Bd3 Nd7 7. d5 Bb7 8. Be3 Ngf6 9. Nd4 Nc5 10.
b4 Nxd3+ 11. cxd3 Qd7 12. h3 e6 13. dxe6 fxe6 14. O-O O-O 15. Qb3 Rae8 16. f5 gxf5 17. exf5 Kh8 18. fxe6 Qe7 19.
Rae1 Rg8 20. Bg5 c5 21. Nf5 Qc7 22. Nxg7 Bxg2 23. Bxf6 Rxg7 24. e7 Bxf1+ 25. Kxf1 c4 26. dxc4 Qd7 27.
Nd5 Qf5+ 28. Ke2 bxc4 29. Bxg7+ Kxg7 30. Qc3+ Kh6 31. Qe3+ Kg6 32. Rg1+ Kh5 33. Qf3+ Qxf3+ 34. Kxf3 Kh4 35.
Re1 Kxh3 36. Rh1 1-0

[Event "Klubbmästerskap 2025 Torsdagar"]
[Site "Linköping, Sweden"]
[Date "2025.04.10"]
[Round "9.3"]
[White "Gustafsson, Nils"]
[Black "Halvarsson, Peter"]
[Result "0-1"]
[TimeControl "90 min + 30 sec/move"]
[WhiteElo "1860"]
[BlackElo "1927"]

1. e4 g6 2. d4 Bg7 3. f4 c5 4. dxc5 Qa5+ 5. Nc3 Bxc3+ 6. bxc3 Qxc3+ 7. Bd2 Qxc5 8. Nf3 Nf6 9. Bd3 d5 10.
e5 Ne4 11. Bxe4 dxe4 12. Ng5 e3 13. Ne4 exd2+ 14. Qxd2 Qc4 15. O-O-O Nc6 16. Nf6+ exf6 17. exf6 Be6 18. Rhe1 Rd8 19.
Qf2 Rxd1+ 20. Rxd1 Qc3 0-1

[Event "Klubbmästerskap 2025 Torsdagar"]
[Site "Linköping, Sweden"]
[Date "2025.04.10"]
[Round "9.4"]
[White "Ekman, Theo"]
[Black "Leijon, Noah"]
[Result "1-0"]
[TimeControl "90 min + 30 sec/move"]
[WhiteElo "1806"]
[BlackElo "1803"]

1. e4 c5 2. Nc3 Nc6 3. f4 e6 4. Nf3 Be7 5. Bc4 Nf6 6. e5 Ng4 7. O-O b6 8. a4 d6 9. exd6 Qxd6 10.
d3 Nd4 11. Ne4 Nxf3+ 12. Qxf3 Qd4+ 13. Kh1 f5 14. Bb5+ Kf7 15. c3 fxe4 16. Qxg4 Qd5 17. Bc4 Qc6 18. f5 Bf6 19. dxe4 Ke7 20.
Bg5 Bd7 21. e5 exf5 22. exf6+ gxf6 23. Qe2+ Kd8 24. Bb5 1-0

[Event "Klubbmästerskap 2025 Torsdagar"]
[Site "Linköping, Sweden"]
[Date "2025.04.10"]
[Round "9.5"]
[White "Ahlström, Per"]
[Black "Qwarfort, Fredrik"]
[Result "1-0"]
[TimeControl "90 min + 30 sec/move"]
[WhiteElo "1820"]
[BlackElo "1826"]

1. e4 d6 2. d4 Nf6 3. Nc3 g6 4. Bg5 Bg7 5. Qd2 c6 6. Bd3 b5 7. f4 Qb6 8. e5 dxe5 9. fxe5 Nd5 10.
Nxd5 cxd5 11. Qb4 f6 12. exf6 exf6 13. O-O-O Nc6 14. Re1+ Kf7 15. Qb3 Nxd4 16. Qb4 Nc6 17. Qf4 Be6 18.
Bxf6 Bxf6 19. Nf3 Qb8 20. Ng5+ Kg7 21. Nxe6+ Kf7 22. Qf3 Ne5 23. Qxd5 Nxd3+ 24. cxd3 Qc8+ 25. Kb1 Re8 26. Nc7+ 1-0

[Event "Klubbmästerskap 2025 Torsdagar"]
[Site "Linköping, Sweden"]
[Date "2025.04.10"]
[Round "9.6"]
[White "Garner, Mårten"]
[Black "Lilljebjörn, Erik Gustaf"]
[Result "1-0"]
[TimeControl "90 min + 30 sec/move"]
[WhiteElo "1841"]
[BlackElo "1783"]

1. d4 Nf6 2. c4 g6 3. Nc3 Bg7 4. e4 d6 5. f3 O-O 6. Be3 c6 7. Nge2 Qc7 8. Qd2 Re8 9. g4 e5 10.
d5 Nbd7 11. Ng3 Nf8 12. O-O-O cxd5 13. cxd5 Bd7 14. Kb1 b5 15. Rc1 Qb7 16. h4 b4 17. Nd1 a5 18. h5 Rec8 19. Rxc8 Rxc8 20.
hxg6 fxg6 21. Nf2 b3 22. a3 a4 23. Bd3 Bb5 24. Rc1 Bxd3+ 25. Nxd3 Rxc1+ 26. Qxc1 h5 27. gxh5 gxh5 28. Nf5 Qa6 29.
Nb4 Qe2 30. Qg1 Ng4 31. fxg4 hxg4 32. Ng3 Qf3 33. Kc1 Ng6 34. Qf2 Nf4 35. Qxf3 gxf3 36. Bxf4 exf4 37.
Nf1 Bd4 38. Nd3 Be3+ 39. Kd1 Kf7 40. Nh2 Kf6 41. Nxf3 Kg6 42. Ke2 Kh5 43. Nh2 Kg5 44. Kf3 Bd4 45. Nf1 Bf6 46. Nd2 1-0

[Event "Klubbmästerskap 2025 Torsdagar"]
[Site "Linköping, Sweden"]
[Date "2025.04.10"]
[Round "9.7"]
[White "Stefanovic, Dragan 1958"]
[Black "Snällfot, Magnus"]
[Result "0-1"]
[TimeControl "90 min + 30 sec/move"]
[WhiteElo "1791"]
[BlackElo "1778"]

1. d4 Nf6 2. Nc3 d5 3. e4 dxe4 4. f3 exf3 5. Nxf3 Bg4 6. h3 Bh5 7. g4 Bg6 8. Ne5 e6 9. Bg5 Be7 10.
Bg2 c6 11. Qd2 Nbd7 12. Nxg6 hxg6 13. a3 Nd5 14. Bxe7 Qxe7 15. O-O-O Nxc3 16. Qxc3 Nf6 17. Bxc6+ Nd7 18. Bxb7 Rb8 19.
Bc6 O-O 20. Ba4 Rfc8 21. Qe3 Nf6 22. d5 Qb7 23. Qd4 Nxd5 24. Rd3 Nf4 25. Qxf4 Qxh1+ 26. Kd2 Rd8 27. Ke2 Qg2+ 28. Ke1 e5 29.
Qxe5 Qb7 30. Qe3 Rxd3 31. Qxd3 Qxb2 32. Bb3 Qe5+ 33. Kd1 Re8 34. Kc1 Qa1+ 0-1

[Event "Klubbmästerskap 2025 Torsdagar"]
[Site "Linköping, Sweden"]
[Date "2025.04.10"]
[Round "9.8"]
[White "Karlsson, Henrik 1974"]
[Black "Davidsson, Asker"]
[Result "0-1"]
[TimeControl "90 min + 30 sec/move"]
[WhiteElo "1804"]
[BlackElo "1823"]

1. e4 c5 2. Nf3 Nc6 3. d4 cxd4 4. Nxd4 g6 5. Nc3 Bg7 6. Be3 Nf6 7. f3 O-O 8. Qd2 d5 9. Nxc6 bxc6 10.
O-O-O Qa5 11. a3 Be6 12. Bh6 Rab8 13. Bxg7 Kxg7 14. exd5 cxd5 15. Qd4 Qb6 16. Qxb6 Rxb6 17. Rd4 Rfb8 18.
b4 Rc6 19. Na4 Bf5 20. Nc5 a5 21. c3 axb4 22. axb4 e5 23. Rd1 d4 24. g4 Bc8 25. Kd2 dxc3+ 26. Kxc3 e4 27. Rd8 Nd7 28.
fxe4 Nxc5 29. bxc5 Rxc5+ 30. Kd4 Rc1 31. Bg2 Rb4+ 32. Ke3 Rxh1 33. Bxh1 Bxg4 34. Rd2 h5 35. Bg2 Kf6 36. h4 Be6 37.
Rf2+ Ke5 38. Rf1 Rb3+ 39. Kf2 Bh3 40. Bxh3 Rxh3 41. Kg2 Rxh4 42. Rxf7 Rxe4 43. Kf3 Rb4 44. Kg3 Ke6 45. Rf8 Rb7 46.
Kh4 Rf7 47. Rb8 Kf6 48. Rb6+ Kg7 49. Rb4 Kh6 50. Kg3 Rf6 51. Kh4 g5+ 52. Kg3 Kg6 53. Rb8 h4+ 54. Kg4 Rf4+ 55. Kh3 Kf5 56.
Rb5+ Kg6 57. Rb8 Rc4 58. Rg8+ Kh6 59. Rh8+ Kg7 60. Rd8 Rc3+ 61. Kg4 Rg3+ 62. Kf5 h3 63. Rd7+ Kh6 64. Rd6+ Kh5 65.
Rd8 Rf3+ 66. Ke4 Rf4+ 67. Ke3 Kg4 68. Rh8 Kg3 69. Rh5 g4 70. Kd4 0-1